 Dungeon Crawl Stone Soup version 0.27.1-3-gb3d3a73c9e (webtiles) character file.

Game seed: 6450020882172630926

1154 belegose the Skirmisher (level 8, -3/50 HPs)
             Began as a Kobold Abyssal Knight on Oct 27, 2021.
             Was a Priest of Lugonu.
             Slain by a vampire mosquito (7 damage)
             ... on level 5 of the Dungeon.
             The game lasted 00:22:12 (8357 turns).

belegose the Skirmisher (Kobold Abyssal Knight)     Turns: 8357, Time: 00:22:13

Health: -3/50      AC:  6    Str: 12    XL:     8   Next: 65%
Magic:  7/11       EV: 18    Int: 13    God:    Lugonu [***...]
Gold:   246        SH:  0    Dex: 14    Spells: 4/7 levels left

rFire    . . .     SeeInvis .   b - +3 quarterstaff (chaos)
rCold    . . .     Faith    .   (shield currently unavailable)
rNeg     . . .     Spirit   .   n - +0 ring mail
rPois    +         Reflect  .   (no helmet)
rElec    .         Harm     .   p - +0 cloak
rCorr    .         Rampage  .   (no gloves)
Will     .....                  (no boots)
Stlth    +++.......             (no amulet)
HPRegen  0.16/turn              g - ring of poison resistance
MPRegen  0.12/turn              r - +4 ring of evasion

@: no status effects
A: small, no large weapons, nightstalker 3
a: Renounce Religion, Depart the Abyss, Bend Space, Banish


You were on level 5 of the Dungeon.
You worshipped Lugonu.
Lugonu was most pleased with you.
You visited 2 branches of the dungeon, and saw 7 of its levels.
You visited the Abyss 1 time.
You also visited: Sewer.

You collected 246 gold pieces.

Inventory:

Hand Weapons
 a - a +1 dagger of venom
 b - a +3 quarterstaff of chaos (weapon)
Missiles
 f - 108 stones (quivered)
 k - 46 bolts
 C - 12 poisoned darts
Armour
 n - a +0 ring mail (worn)
 p - a +0 cloak (worn)
 q - a +0 kite shield
 y - a +0 buckler
Magical Staves
 o - a staff of air
Jewellery
 g - a ring of poison resistance (left hand)
 r - a +4 ring of evasion (right hand)
Wands
 A - a wand of digging (5)
Scrolls
 c - 7 scrolls of identify {unknown}
 e - a scroll of teleportation {unknown}
 h - 2 scrolls of summoning {unknown}
 m - 2 scrolls of vulnerability {unknown}
 x - a scroll of fear {unknown}
 B - 2 scrolls of noise {unknown}
 D - 2 scrolls of acquirement {unknown}
Potions
 d - 2 potions of brilliance {unknown}
 i - a potion of attraction {unknown}
 j - a potion of curing {unknown}
 l - 3 potions of flight {unknown}
 s - 2 potions of haste {unknown}
 t - 3 potions of might {unknown}
 u - a potion of mutation {unknown}
 v - a potion of cancellation {unknown}
 w - a potion of invisibility
 z - a potion of heal wounds {unknown}


   Skills:
 + Level 5.5 Fighting
 - Level 3.8 Short Blades
 + Level 2.8 Staves
 + Level 2.6 Armour
 + Level 5.4 Dodging
 + Level 5.4 Stealth
 + Level 4.9 Invocations
 + Level 0.1 Evocations


You had 4 spell levels left.
You knew the following spells:

 Your Spells              Type           Power      Damage    Failure   Level
a - Call Canine Familiar  Summ           0%         N/A       90%         3

Your spell library contained the following spells:

 Spells                   Type           Power      Damage    Failure   Level
 Foxfire                  Conj/Fire      0%         2x1d4     56%         1
 Magic Dart               Conj           0%         1d3       56%         1
 Summon Small Mammal      Summ           0%         N/A       56%         1
 Searing Ray              Conj           0%         3d3       71%         2
 Conjure Flame            Conj/Fire      0%         6-21      90%         3
 Inner Flame              Hex/Fire       0%         N/A       90%         3
 Ozocubu's Armour         Ice            0%         N/A       90%         3
 Summon Guardian Golem    Hex/Summ       0%         N/A       90%         3
 Animate Armour           Summ/Erth      0%         N/A       100%        4
 Fulminant Prism          Conj/Hex       0%         3d6       100%        4
 Passage of Golubria      Tloc           N/A        N/A       100%        4
 Blade Hands              Tmut           0%         N/A       100%        5
 Silence                  Hex/Air        0%         N/A       100%        5
 Iron Shot                Conj/Erth      0%         9d1       100%        6
 Ozocubu's Refrigeration  Ice            0%         4d5       100%        7
 Lehudib's Crystal Spear  Conj/Erth      0%         10d2      100%        8


Dungeon Overview and Level Annotations

Branches:
Dungeon (6/15)             Temple (1/1) D:4           Sewer (visited)

Altars:
Makhleb
Okawaru
Qazlal
Vehumet
Wu Jian
Xom


Innate Abilities, Weirdness & Mutations

You are small and have problems with some larger weapons.
You are completely attuned to the shadows.


Message History

You sock the vampire mosquito!
The vampire mosquito convulses.
The vampire mosquito is heavily damaged.
The vampire mosquito completely misses you.
The vampire mosquito bites you.
The vampire mosquito draws strength from your injuries!
The vampire mosquito barely misses you. x2
You hit the vampire mosquito. You burn the vampire mosquito.
The vampire mosquito is severely damaged.
The vampire mosquito bites you.
The vampire mosquito draws strength from your injuries!
The vampire mosquito bites you.
The vampire mosquito draws strength from your injuries!
The vampire mosquito barely misses you. The vampire mosquito bites you!
The vampire mosquito draws strength from your injuries!
You miss the vampire mosquito.
The vampire mosquito is heavily damaged.
The vampire mosquito closely misses you.
The vampire mosquito barely misses you. The vampire mosquito bites you.
The vampire mosquito draws strength from your injuries!
The vampire mosquito closely misses you. x2
Press: ? - help, Shift-Dir - straight line, f - vampire mosquito
Aim: a vampire mosquito (chance to affect: 83%)
You fail to use your ability.
The vampire mosquito closely misses you.
The vampire mosquito bites you!
* * * LOW HITPOINT WARNING * * *
The vampire mosquito draws strength from your injuries!
The vampire mosquito bites you.
* * * LOW HITPOINT WARNING * * *
The vampire mosquito draws strength from your injuries!
The vampire mosquito bites you.
* * * LOW HITPOINT WARNING * * *
The vampire mosquito draws strength from your injuries!
Unknown command.
Press: ? - help, Shift-Dir - straight line, f/p - vampire mosquito
Aim: a vampire mosquito (chance to affect: 83%)
The vampire mosquito is devoured by a tear in reality.
Lugonu claims a new guest.
The vampire mosquito bites you!
You die...

.........................##
....)..............≈≈≈≈...#
..............<.#..≈≈≈≈8..#
...................≈≈≈≈...#
......÷..................##
....PPP)..PPP...........##
...P..P...P..P§§§......##
...P♣.P...PPPP§§§....###
...PPPP...PPPP.§@...##
.............[.y....#
........⌠...........#
................#...#
...PPPP...PPPP..#####
...P..P...PP.P..#
...PP♣P...PPPP..#
#...PPP...PPP...#
....)...........#


You could see a vampire mosquito.

Vanquished Creatures
  A necrophage (D:5)
  An ogre (D:5)
  A phantom (D:5)
  A gnoll sergeant (D:5)
  A centaur zombie (D:5)
  5 hounds
  A centaur skeleton (D:5)
  2 orc priests
  Crazy Yiuf (D:2)
  Jessica (D:2)
  An iguana (D:5)
  Ijyb (D:5)
  Terence (D:2)
  2 orc wizards (D:5)
  A killer bee zombie (D:5)
  A hound skeleton (D:4)
  7 gnolls
  7 adders
  A river rat (D:4)
  An ufetubus (D:5)
  2 adder skeletons (D:4)
  A worm (D:5)
  3 dart slugs
  13 orcs
  6 ball pythons
  4 bats
  9 endoplasms
  5 giant cockroaches
  3 goblins
  6 hobgoblins
  4 jackals
  4 quokkas
  4 frilled lizards
  20 kobolds
  14 rats
136 creatures vanquished.

Vanquished Creatures (others)
  A fungus (Sewer)
  A plant (Sewer)
2 creatures vanquished.

Grand Total: 138 creatures vanquished

Notes
Turn   | Place    | Note
-------+----------+-------------------------------------------
     0 | Abyss:1  | belegose the Kobold Abyssal Knight began the quest for the
                  | Orb.
     0 | Abyss:1  | Reached XP level 1. HP: 14/14 MP: 2/2
    69 | Abyss:1  | Noticed a tentacled starspawn
    70 | D:1      | Escaped the Abyss
   292 | D:1      | Reached XP level 2. HP: 19/19 MP: 3/3
   325 | D:1      | Reached * piety under Lugonu
   326 | D:1      | Reached skill level 1 in Stealth
   635 | D:1      | Reached XP level 3. HP: 16/23 MP: 4/4
  1915 | D:2      | Noticed Jessica
  1932 | D:2      | Killed Jessica
  1933 | D:2      | Reached XP level 4. HP: 23/29 MP: 4/6
  2134 | D:2      | Noticed Terence
  2304 | D:2      | Reached ** piety under Lugonu
  2305 | D:2      | Reached XP level 5. HP: 33/33 MP: 7/7
  2754 | D:2      | Found a runed translucent door.
  2757 | D:2      | Noticed Crazy Yiuf
  2771 | D:2      | Killed Crazy Yiuf
  3200 | D:2      | Killed Terence
  3575 | D:3      | Reached skill level 1 in Armour
  3674 | D:3      | Reached XP level 6. HP: 38/38 MP: 8/8
  4420 | D:4      | Reached skill level 1 in Staves
  4582 | D:4      | Found a glowing drain.
  4586 | Sewer    | Entered a sewer
  4701 | Sewer    | Reached *** piety under Lugonu
  5065 | D:4      | You fall into a shaft and drop 1 floor!
  5065 | D:5      | Entered Level 5 of the Dungeon
  5068 | D:5      | Noticed Ijyb
  5126 | D:5      | Killed Ijyb
  5280 | D:4      | Found an iron altar of Okawaru.
  5296 | D:4      | Found a burning altar of Makhleb.
  5303 | D:4      | Found a radiant altar of Vehumet.
  5308 | D:4      | Found a shimmering altar of Xom.
  5308 | D:4      | Noticed an ogre
  5317 | D:4      | Banished an ogre
  5318 | D:4      | Reached XP level 7. HP: 16/44 MP: 4/9
  5921 | D:4      | Found a staircase to the Ecumenical Temple.
  5948 | Temple   | Entered the Ecumenical Temple
  5976 | D:4      | Learned a level 3 spell: Call Canine Familiar
  6998 | D:5      | Found a stormy altar of Qazlal.
  7015 | D:5      | Reached skill level 5 in Fighting
  7015 | D:5      | Reached XP level 8. HP: 46/49 MP: 11/11
  7023 | D:5      | Reached skill level 5 in Dodging
  7039 | D:5      | Reached skill level 5 in Stealth
  7760 | D:5      | Found an ornate altar of the Wu Jian Council.
  8357 | D:5      | Slain by a vampire mosquito

Illustrated notes

Levels and vault maps discovered:
D:1:      saegor_arrival_simple_a, layout_basic
D:2:      layout_basic, uniq_terence, uniq_crazy_yiuf_cottage, uniq_jessica
D:3:      layout_rooms, serial_rivers, chequers_serial_rivers_small_b,
          chequers_serial_rivers_micro_c, chequers_serial_rivers_marsh,
          chequers_serial_rivers_micro_b
D:4:      layout_basic, grunt_temple_overflow_cloverleaf,
          minmay_temple_entry_glassed_door, gup_sewer_entry_bowl
D:5:      layout_cave_pools, mainiacjoe_overflow_surrounded_room,
          pdpol_wu_jian_five_deadly_venoms, serial_park, serial_park_tiny_pond,
          serial_park_square2, serial_park_tiny_pond, serial_park_tiny_2,
          uniq_ijyb
D:6:      layout_loops_ring, nemelex_dance_club_becter,
          chequers_temple_overflow_statue_of_worship
Temple:   compressed_dpeg_triangle_lava_temple

Skill      XL: |  1  2  3  4  5  6  7  8 |
---------------+-------------------------+-----
Stealth        | 1 2 3 4 5 |  5.4
Short Blades   | 3 |  3.8
Dodging        | 3 4 5 |  5.4
Fighting       | 4 5 |  5.5
Invocations    | 3 4 |  4.9
Armour         | 1 2 |  2.6
Staves         | 1 2 |  2.8
Evocations     | |  0.1

Action                   |  1- 3 |  4- 6 |  7- 9 || total
-------------------------+-------+-------+-------++-------
Melee: Short sword       |   114 |    58 |       ||   172
       Quarterstaff      |       |   141 |   152 ||   293
       Dagger            |       |    15 |       ||    15
Throw: Stone             |     3 |       |     1 ||     4
Invok: Depart the Abyss  |     1 |       |       ||     1
       Banish            |       |     1 |     1 ||     2
 Stab: Sleeping          |     8 |    23 |     2 ||    33
       Distracted        |       |     1 |       ||     1
       Paralysed         |       |       |     1 ||     1
Armor: Leather armour    |    17 |    21 |     3 ||    41
       Ring mail         |       |       |    20 ||    20
Dodge: Dodged            |    59 |   171 |   128 ||   358
